Map: Neon Violet Square LE

Players

Cloudy

  • Race: Protoss Protoss
  • League: Master
  • Spawn Location: 5:00

Scarlett - Winner!

  • Race: Zerg Zerg
  • Spawn Location: 11:00

Event: 2018 Hangzhou StarCraft Carnival

VOD

Have the link to the VOD?

Description

Time

  • Played on: April 29, 2018, 3:39 a.m.
  • Length: 10:50

All games in this series

Show
View Real Time Build Order
Export as new Build Order

Cloudy Protoss 

Build Orders: 1 Gate Expand, Oracle Opening, Phoenix Opening, Archon Immortal, Zealot Archon, Archon Drop 

Get SALT Encoding   

  12  0:01  Probe  
  13  0:13  Probe  
  14  0:26  Pylon  
  14  0:28  Probe  
  15  0:41  Probe  
  15  0:45  Gateway  
  15  0:49  Probe  
  16  0:52  Assimilator  
  17  0:58  Probe  
  18  1:10  Probe  
  19  1:23  Probe  
  20  1:32  Nexus  
  20  1:43  Cybernetics Core  
  20  1:45  Probe  
  21  1:53  Assimilator  
  21  1:57  Probe  
  22  2:10  Probe  
  23  2:25  Pylon  
  23  2:28  Warp Gate  
  23  2:39  Probe  
  23  2:42  Probe  
  23  2:43  Adept  
  26  2:44  Stargate  
  26  2:47  Probe  
  26  2:50  Probe  
  28  2:57  Probe  
  29  3:00  Probe  
  31  3:09  Probe  
  31  3:10  Adept  
  34  3:12  Probe  
  34  3:17  Oracle  
  35  3:21  Probe  
  35  3:25  Probe  
  37  3:33  Probe  
  37  3:34  Gateway  
  41  3:37  Probe  
  41  3:39  Pylon  
  42  3:45  Assimilator, Probe  
  42  3:47  Assimilator  
  43  3:49  Probe  
  43  3:54  Robotics Facility  
  44  3:57  Probe  
  44  3:58  Phoenix  
  44  4:00  Twilight Council  
  45  4:06  Probe  
  49  4:10  Probe  
  49  4:12  Pylon  
  49  4:18  Probe  
  49  4:22  Probe  
  51  4:30  Probe  
  51  4:31  Gateway  
  52  4:33  Immortal  
  52  4:34  Gateway  
  52  4:35  Probe  
  54  4:47  Oracle  
  54  4:50  Stalker  
  59  4:54  Stalker  
  61  5:05  Pylon  
  61  5:07  Templar Archives  
  61  5:14  Warp Prism  
  61  5:23  Pylon  
  61  5:25  Probe  
  61  5:28  Probe  
  65  5:30  Nexus  
  65  5:39  Charge  
  65  5:43  Forge  
  65  5:49  Probe  
  66  5:50  Probe  
  66  5:56  Pylon  
  67  6:01  Probe  
  67  6:03  High Templar x4  
  76  6:04  Probe  
  76  6:08  Assimilator, Observer  
  76  6:09  Archon x2  
  78  6:11  Assimilator  
  78  6:14  Probe  
  78  6:16  Gateway, Probe  
  80  6:19  Protoss Ground Weapons Level 1  
  80  6:23  Probe  
  80  6:24  Gateway, Psionic Storm  
  80  6:25  Probe  
  80  6:31  Probe  
  82  6:33  Probe  
  84  6:43  Immortal  
  85  6:47  Probe  
  85  6:50  Probe  
  85  6:53  Probe  
  86  7:00  High Templar, Zealot x3  
  94  7:03  Pylon  
  94  7:05  Pylon  
  94  7:06  Pylon, Probe  
  95  7:09  Probe  
  95  7:13  Immortal  
  95  7:18  High Templar  
  102  7:24  High Templar, Zealot x3  
  102  7:28  Gateway  
  109  7:31  Gateway  
  109  7:34  High Templar  
  111  7:42  Immortal  
  111  7:55  Pylon  
  115  7:59  Pylon  
  115  8:02  Nexus  
  115  8:03  Pylon  
  115  8:11  Pylon  
  115  8:13  High Templar x2  
  115  8:16  Probe x3  
  115  8:17  Archon  
  115  8:18  High Templar  
  115  8:19  High Templar  
  126  8:21  Immortal  
  126  8:23  Archon  
  130  8:28  Probe x2, Shield Battery  
  132  8:38  Pylon  
  132  8:39  Pylon  
  132  8:41  Zealot x2  
  132  8:44  Oracle  
  132  8:46  Photon Cannon  
  132  8:47  Zealot x2  
  141  9:00  Observer  
  141  9:03  Zealot x5  
  152  9:14  Probe x2  
  152  9:24  Zealot x6  
  152  9:25  High Templar x2  
  152  9:28  Observer  
  153  9:52  Zealot x5  
  146  9:54  Zealot  
  142  10:07  Stalker x2  
  138  10:15  Zealot x6  
  115  10:32  Zealot x2  
  115  10:35  Zealot x6  
Show
View Real Time Build Order
Export as new Build Order

Scarlett Zerg - Winner!

Build Orders: Hatch First, Lurkers 

Get SALT Encoding   

  12  0:01  Drone  
  13  0:12  Overlord  
  13  0:18  Drone  
  14  0:30  Drone x2  
  14  0:34  Drone  
  17  0:51  Hatchery  
  17  0:55  Drone  
  17  0:58  Drone  
  18  1:10  Extractor  
  17  1:13  Spawning Pool  
  17  1:17  Drone  
  17  1:19  Drone  
  18  1:29  Drone  
  19  1:39  Drone  
  20  1:51  Overlord  
  20  1:59  Queen  
  22  2:03  Zergling x2, Queen  
  22  2:04  Drone  
  26  2:10  Metabolic Boost  
  26  2:11  Drone  
  26  2:14  Drone  
  28  2:23  Drone  
  28  2:25  Drone  
  30  2:35  Drone  
  31  2:38  Hatchery  
  31  2:41  Drone  
  31  2:43  Drone  
  32  2:51  Zergling x2  
  32  2:53  Overlord  
  33  2:59  Drone  
  33  3:01  Queen  
  36  3:11  Drone x5  
  41  3:13  Drone x2  
  41  3:18  Drone  
  44  3:20  Overlord  
  44  3:27  Overlord  
  44  3:28  Extractor  
  44  3:32  Drone  
  44  3:34  Lair  
  44  3:38  Drone  
  44  3:39  Drone x3  
  48  3:45  Roach Warren  
  48  3:46  Drone  
  48  3:48  Drone  
  49  3:53  Drone  
  50  3:56  Queen  
  50  3:57  Drone  
  50  3:58  Drone  
  54  4:09  Drone x2  
  57  4:10  Drone  
  57  4:11  Drone  
  57  4:12  Drone x2  
  57  4:13  Drone x2  
  57  4:15  Overlord  
  62  4:18  Overlord  
  62  4:22  Spore Crawler, Drone  
  62  4:29  Overlord  
  62  4:31  Drone x3  
  64  4:34  Spore Crawler  
  64  4:40  Drone, Overlord  
  64  4:41  Drone x3  
  65  4:50  Glial Reconstitution  
  65  4:51  Evolution Chamber  
  65  4:52  Drone x3  
  66  4:54  Extractor  
  66  4:55  Overlord  
  64  5:02  Roach  
  64  5:05  Roach  
  64  5:06  Roach x3, Hydralisk Den  
  73  5:11  Hatchery  
  73  5:13  Drone x3  
  75  5:19  Drone  
  75  5:20  Zerg Missile Weapons Level 1  
  76  5:22  Extractor  
  76  5:26  Drone x2  
  77  5:29  Drone x3, Extractor  
  77  5:30  Extractor  
  77  5:32  Overseer  
  78  5:36  Drone x5  
  78  5:37  Muscular Augments  
  78  5:38  Overlord  
  78  5:39  Overlord  
  83  5:44  Hydralisk  
  83  5:45  Hydralisk  
  87  5:52  Overlord  
  87  5:53  Hydralisk x2  
  87  5:56  Drone  
  87  5:57  Drone x3  
  93  6:02  Drone  
  93  6:03  Hydralisk x2  
  100  6:05  Zergling x2  
  100  6:10  Drone x2  
  103  6:14  Hydralisk  
  103  6:15  Hydralisk x3  
  111  6:20  Drone, Extractor  
  111  6:21  Drone, Extractor  
  111  6:22  Drone  
  111  6:23  Queen  
  111  6:24  Drone  
  111  6:25  Drone  
  116  6:26  Drone  
  116  6:27  Drone  
  116  6:29  Drone  
  119  6:33  Zergling x2  
  119  6:37  Drone x5  
  122  6:47  Overlord x2  
  122  6:49  Drone x3  
  122  6:50  Grooved Spines  
  125  6:54  Drone  
  125  6:55  Infestation Pit, Drone x3, Lurker Den  
  125  6:56  Drone  
  125  6:59  Overlord x2  
  128  7:06  Hatchery  
  127  7:10  Hydralisk x3  
  133  7:17  Hydralisk x3  
  133  7:20  Zerg Missile Weapons Level 2  
  139  7:26  Evolution Chamber  
  138  7:32  Drone x2  
  138  7:33  Hydralisk x2  
  138  7:35  Extractor  
  138  7:36  Overlord  
  138  7:37  Overlord  
  143  7:38  Overlord  
  143  7:39  Extractor  
  143  7:41  Drone x2  
  143  7:42  Drone  
  145  7:46  Hatchery  
  145  7:49  Hive  
  144  7:53  Hydralisk x4  
  152  7:59  Pneumatized Carapace, Zerg Melee Weapons Level 1  
  152  8:02  Overseer  
  152  8:07  Hydralisk x2  
  152  8:10  Hydralisk x2  
  160  8:16  Hydralisk x2  
  164  8:23  Lurker  
  164  8:24  Lurker x6  
  164  8:25  Zergling x8  
  175  8:27  Overlord  
  175  8:29  Overlord  
  175  8:33  Lurker x2  
  177  8:36  Spine Crawler  
  177  8:38  Hydralisk  
  177  8:40  Lurker x2  
  180  8:41  Zergling x4  
  180  8:42  Zergling x2  
  183  8:49  Overseer  
  183  8:50  Overseer x2  
  183  8:53  Lurker x2  
  185  9:02  Lurker x2  
  187  9:03  Zergling x20  
  187  9:09  Hydralisk x3  
  195  9:10  Zergling x2  
  195  9:21  Hydralisk x6  
  186  9:35  Drone x6  
  186  9:36  Hydralisk x5  
  199  9:42  Drone x3  
  191  9:59  Hydralisk x6  
Tags
 
Add a new tag
Caveats
  • Supply blocks, unpowered buildings, or Contaminate may cause inaccurate times.
  • Supply counts are checked every 10 seconds.